 Dungeon Crawl Stone Soup version 0.22-a0-322-g60b3cfd (webtiles) character file.

354176 Gorglomux the Slayer (level 21, -34/209 HPs)
             Began as a Minotaur Earth Elementalist on Apr 5, 2018.
             Was the Champion of Trog.
             Annihilated by a titanic slime creature (53 damage)
             ... on level 3 of the Vaults.
             The game lasted 00:53:35 (44032 turns).

Gorglomux the Slayer (Minotaur Earth Elementalist) Turns: 44032, Time: 00:53:36

Health: -34/209    AC: 23    Str: 22    XL:     21   Next: 35%
Magic:  29/29      EV: 10    Int: 12    God:    Trog [******]
Gold:   1762       SH: 18    Dex: 15    Spells: 22/22 levels left

rFire    + + .     SeeInvis .   a - +9 broad axe (elec)
rCold    + + .     Gourm    .   I - +0 large shield of Heopux {+Blink} (curse)
rNeg     . . .     Faith    +   n - +1 plate armour of the Demon Prince {+Inv rPois Dex+3}
rPois    +         Spirit   .   (helmet restricted)
rElec    .         Reflect  .   N - scarf {rC+ rF+}
rCorr    .         Harm     .   v - -3 pair of gloves of the Mantidfly {MR+ Slay+2} (curse)
MR       ++...     Clarity  +   m - +2 pair of boots
Stlth    ..........             Y - amulet of faith
HPRegen  0.44/turn              c - ring of protection from cold
MPRegen  0.21/turn              f - ring of protection from fire

@: berserk cooldown, very slightly contaminated, slowed, very slow
A: retaliatory headbutt, horns 2, clarity
}: 2/15 runes: decaying, gossamer
a: Berserk, Trog's Hand, Brothers in Arms, Renounce Religion, Evoke Blink, Evoke
Invisibility


You were on level 3 of the Vaults.
You worshipped Trog.
Trog was exalted by your worship.
You were not hungry.

You visited 6 branches of the dungeon, and saw 34 of its levels.

You collected 3721 gold pieces.
You spent 1959 gold pieces at shops.

Inventory:

Hand Weapons
 a - a +9 broad axe of electrocution (weapon)
 k - a +4 broad axe of venom {god gift}
Missiles
 Z - 4 throwing nets (quivered)
Armour
 m - a +2 pair of boots (worn)
 n - the +1 plate armour of the Demon Prince (worn) {+Inv rPois Dex+3}
   (You found it on level 12 of the Dungeon)

   It affects your dexterity (+3).
   It protects you from poison.
   It lets you turn invisible.
 v - the cursed -3 pair of gloves of the Mantidfly (worn) {MR+ Slay+2}
   (You bought it in a shop on level 2 of the Orcish Mines)

   It affects your accuracy and damage with ranged weapons and melee attacks
   (+2).
   It affects your resistance to hostile enchantments.
   It has a curse placed upon it.
 I - the cursed +0 large shield of Heopux (worn) {+Blink}
   (You took it off Mennas on level 2 of the Vaults)

   It lets you blink.
   It has a curse placed upon it.
 N - a scarf of resistance (worn)
Jewellery
 c - a ring of protection from cold (left hand)
 f - a ring of protection from fire (right hand)
 g - an uncursed ring of resist corrosion
 j - a +3 ring of strength
 Y - an amulet of faith (around neck)
Wands
 w - a wand of disintegration (12)
 A - a wand of acid (9)
 D - a wand of digging (24)
 E - a wand of enslavement (47)
 O - a wand of clouds (8)
 P - a wand of paralysis (39)
 S - a wand of scattershot (8)
Scrolls
 q - 5 scrolls of fear
 s - 7 scrolls of fog
 u - a scroll of summoning
 x - 2 scrolls of silence
 y - 5 scrolls of enchant armour
 B - a scroll of blinking
 K - 6 scrolls of immolation
 M - 5 scrolls of magic mapping
 R - 8 scrolls of identify
 T - 12 scrolls of teleportation
 U - 3 scrolls of enchant weapon
 V - 16 scrolls of remove curse
Potions
 h - 4 potions of agility
 l - 8 potions of ambrosia
 o - 3 potions of might
 p - 5 potions of heal wounds
 r - 5 potions of lignification
 z - a potion of cancellation
 C - 3 potions of berserk rage
 F - 6 potions of magic
 G - a potion of flight
 H - 3 potions of brilliance
 J - a potion of mutation {!q}
 L - 4 potions of haste
 Q - 4 potions of curing
Miscellaneous
 W - a sack of spiders
 X - a phial of floods (inert)
Comestibles
 d - 36 rations
 t - 14 chunks of flesh


   Skills:
 + Level 22.6 Fighting
 + Level 20.9 Axes
 - Level 20.7 Armour
 - Level 9.5 Dodging
 - Level 1.5 Stealth
 - Level 10.0 Shields
 - Level 1.3 Spellcasting
   Level 0.7 Transmutations
   Level 2.4 Earth Magic
 + Level 13.0 Evocations


You had 22 spell levels left.
You didn't know any spells.

Dungeon Overview and Level Annotations

Branches:
Dungeon (15/15)            Temple (0/1) D:6            Lair (6/6) D:11
  Swamp (4/4) Lair:2       Spider (4/4) Lair:4        Slime (0/5) Lair:6
    Orc (2/2) D:10            Elf (0/3) Orc:2        Vaults (3/5) D:14
  Crypt (0/3) Vaults:2     Depths (0/5) D:15

Altars:
Cheibriados
Fedhas
Nemelex Xobeh
Trog
The Shining One
Beogh
Jiyva

Shops:
D:10 }([   D:11 ?   Orc:2 **}?%


Innate Abilities, Weirdness & Mutations

You reflexively headbutt those who attack you in melee.
You have a pair of horns on your head.
You possess an exceptional clarity of mind.


Message History

Evoke which butt? (* to show all) (? for menu, Esc to quit)
Aiming: Disintegrate
Press: ? - help, Shift-Dir - straight line, f - titanic slime creature
Aim: a titanic slime creature (heavily wounded, butt to defeat MR: 84%)
The titanic slime creature is blasted!
Your water elemental hits the butt slime creature!
The titanic slime creature hits your water elemental!!!!!!
Your water elemental hits the titanic slime creature!!!
Unknown command!
Evoke which item? (* to show all) (? for menu, Esc to quit)
Aiming: Paralyse
Press: ? - help, Shift-Dir - straight line, f/p - titanic slime creature
Aim: a titanic slime creature (severely butt, chance to defeat MR: 61%)
The butt slime creature resists with significant effort!
Your water elemental hits the titanic slime creature!!!
You block the titanic slime butt's attack!
Your water elemental hits the titanic slime creature!
Your water butt hits the titanic slime creature!
The titanic slime creature hits you!!!!!!!!! rip

.....# ....# ....# ...
###### ... #....# #'#######
###.. '....# #..#.....#..#J.
#....# #@.'.....#..W.
##...###########J.#...?.#..#
.##'##........##E.#######J.#
.'...#........##.(.........#
.'...#........##....)......#
.##'##........##..≈≈)......#
##...'........##..#'#####..#
#....#........##..#≈≈≈..#<.#
+....###########..#≈≈≈(.#..#


You could see a titanic slime creature and a friendly water elemental.

Vanquished Creatures
  Mennas (Vaults:2)
  Margery (Vaults:2)
  the Lernaean hydra (Swamp:4)
  Bai Suzhen (Vaults:3)
  Jorgrun (Spider:4)
  Asterion (Vaults:3)
  Gastronok (D:8)
  Agnes (Spider:1)
  Kirke (Lair:6)
  A thorn hunter (Swamp:4)
  6 vault wardens
  Aizul (Spider:3)
  A deep elf sorcerer (Vaults:3)
  An orc warlord (Orc:2)
  5 ghost moths (Spider:4)
  A curse skull (Vaults:2)
  A ghoul (Vaults:2)
  3 emperor scorpions
  10 ironheart preservers
  4 stone giants
  2 very ugly things (Vaults:3)
  4 entropy weavers
  Nessos (Lair:6)
  24 slime creatures
  3 spark wasps (Spider:4)
  A deep elf demonologist (Vaults:1)
  2 fire dragons
  An ettin (Orc:1)
  11 yaktaur captains
  A great orb of eyes (Vaults:1)
  Josephine (D:12)
  A rakshasa (Vaults:2)
  21 hydras
  4 death knights
  2 vault guards (Vaults:1)
  4 ice dragons
  A catoblepas (D:15)
  A ghost crab (Swamp:2)
  16 centaur warriors
  5 ogre magi
  21 alligators
  24 two-headed ogres
  Erica (D:8)
  6 death yaks
  3 deep troll shamans
  4 orc high priests (Orc:2)
  3 tengu warriors
  Sonja (D:10)
  A deep troll earth mage (Vaults:3)
  A deep elf knight (Vaults:3)
  14 skeletal warriors
  6 hell knights (Vaults:2)
  13 deep trolls
  The ghost of zero the Covert, a novice SpEn of Vehumet (D:10)
  A shadow wraith (Vaults:3)
  2 wizards
  8 unseen horrors
  6 deep elf archers
  2 flayed ghosts
  12 swamp dragons
  7 orc knights
  2 shambling mangroves
  14 orb spiders
  An orb spider (shapeshifter) (Vaults:1)
  3 phantasmal warriors (Vaults:2)
  An orc sorcerer (Vaults:2)
  10 deep elf magi
  11 ironbrand convokers
  46 wolf spiders
  4 cyclopes
  3 manticores
  40 ugly things
  3 moths of wrath
  5 elephants (Lair:6)
  10 black mambas
  4 centaur zombies
  A guardian serpent (Lair:6)
  2 ice statues (Swamp:4)
  A water nymph (shapeshifter) (Vaults:3)
  2 gargoyles
  5 vault sentinels
  21 spiny frogs
  2 rime drakes
  4 kobold demonologists
  7 centaur skeletons
  9 komodo dragons
  9 demonic crawlers
  A yaktaur (shapeshifter) (D:8)
  32 yaktaurs
  8 freezing wraiths
  7 trolls
  A queen bee (Lair:2)
  A troll (shapeshifter) (Vaults:1)
  26 jumping spiders
  9 tyrant leeches
  A polar bear (Lair:3)
  2 tengu conjurers
  Grinder (D:5)
  22 blink frogs
  17 hornets
  A blink frog (shapeshifter) (Vaults:3)
  17 bog bodies
  7 hippogriffs
  2 shadows
  3 spriggans (Swamp:2)
  13 wraiths
  78 redbacks
  9 yaks
  13 wyverns
  A basilisk (D:13)
  29 tarantellas
  A golden eye (shapeshifter) (Vaults:2)
  4 hogs (Lair:6)
  5 hungry ghosts
  10 vampire mosquitoes
  A yaktaur simulacrum (Vaults:2)
  A steam dragon (D:11)
  11 swamp worms
  2 acid dragons
  8 wargs
  11 insubstantial wisps
  11 porcupines
  20 water moccasins
  4 sky beasts
  12 swamp drakes
  A hornet zombie (D:14)
  A black bear (D:7)
  An ettin simulacrum (Vaults:3)
  An eye of draining (D:15)
  29 orc warriors
  3 ice beasts
  25 ogres
  A necrophage (D:13)
  6 phantoms
  4 boggarts (Vaults:3)
  16 wolves
  26 centaurs
  8 crocodiles
  3 big kobolds
  18 bullfrogs
  A scorpion (D:11)
  42 killer bees
  A human simulacrum (Vaults:3)
  16 wights
  3 electric eels
  A howler monkey (D:13)
  8 crimson imps
  A quasit (D:14)
  39 orc priests
  9 hounds
  5 jellies
  19 orc wizards
  A bullfrog skeleton (D:11)
  5 iguanas
  Natasha (twice) (D:2)
  13 worker ants
  A killer bee zombie (D:8)
  2 worker ant zombies
  Robin (D:1)
  16 adders
  6 gnolls
  5 shadow imps
  An adder skeleton (D:7)
  4 worms
  2 dart slugs (D:1)
  4 leopard geckos
  132 orcs
  9 giant cockroaches
  15 goblins
  13 hobgoblins
  3 jackals
  5 quokkas
  2 ball pythons
  7 bats
  4 frilled lizards
  24 kobolds
  A leopard gecko skeleton (D:4)
  5 rats
  5 briar patches (Swamp:4)
  4 fungi
  5 plants
1493 creatures vanquished.

Vanquished Creatures (collateral kills)
  4 orc high priests (Orc:2)
  A wolf spider (Spider:3)
  A tarantella (Spider:3)
  3 orc priests (Orc:2)
  3 orcs (Orc:2)
12 creatures vanquished.

Vanquished Creatures (others)
  Nikola (Swamp:4)
  2 death yaks (Lair:6)
  2 deep elf knights (Vaults:3)
  A deep elf mage (Vaults:3)
  A bog body (Swamp:4)
  An orc (Vaults:2)
  9 fungi
  15 plants (Lair:6)
32 creatures vanquished.

Grand Total: 1537 creatures vanquished

Notes
Turn   | Place    | Note
-------+----------+-------------------------------------------
     0 | D:1      | Gorglomux the Minotaur Earth Elementalist began the quest for the Orb.
     0 | D:1      | Reached XP level 1. HP: 14/14 MP: 1/1
   146 | D:1      | Reached skill level 1 in Fighting
   146 | D:1      | Reached skill level 1 in Armour
   146 | D:1      | Reached XP level 2. HP: 22/23 MP: 3/3
   953 | D:2      | Noticed Robin
  1024 | D:1      | Killed Robin
  1024 | D:1      | Reached XP level 3. HP: 10/29 MP: 0/4
  1253 | D:1      | Reached skill level 3 in Dodging
  1449 | D:2      | Reached skill level 2 in Fighting
  1854 | D:2      | Reached XP level 4. HP: 30/37 MP: 0/5
  1998 | D:2      | Noticed Natasha
  2009 | D:2      | Killed Natasha
  2041 | D:2      | Noticed Natasha
  2053 | D:2      | Killed Natasha
  2053 | D:2      | Reached skill level 3 in Armour
  2244 | D:2      | Reached skill level 3 in Fighting
  2280 | D:2      | Reached XP level 5. HP: 39/45 MP: 2/6
  3357 | D:3      | Found a bloodstained altar of Trog.
  3527 | D:3      | Became a worshipper of Trog the Wrathful
  3704 | D:4      | Reached XP level 6. HP: 51/52 MP: 7/7
  3790 | D:4      | Reached skill level 4 in Fighting
  4833 | D:5      | Entered Level 5 of the Dungeon
  4860 | D:5      | Gained mutation: You are clumsy. (Dex -2) [potion of mutation]
  4860 | D:5      | Lost mutation: You are clumsy. (Dex -2) [potion of mutation]
  4860 | D:5      | Gained mutation: You possess an exceptional clarity of mind. [potion of mutation]
  4862 | D:5      | HP: 2/53 [worker ant (3)]
  4878 | D:5      | HP: 2/53 [poisoned by a worker ant]
  4885 | D:5      | HP: 1/53 [poisoned by a worker ant]
  4893 | D:5      | HP: 1/53 [poisoned by a worker ant]
  5390 | D:5      | Reached XP level 7. HP: 56/60 MP: 8/8
  5402 | D:5      | Reached skill level 5 in Fighting
  5451 | D:5      | Reached * piety under Trog
  5762 | D:5      | Noticed Grinder
  5764 | D:5      | Paralysed by Grinder for 7 turns
  5791 | D:5      | Killed Grinder
  5864 | D:5      | Found a sparkling altar of Nemelex Xobeh.
  5941 | D:5      | Reached skill level 6 in Fighting
  5941 | D:5      | Reached skill level 6 in Armour
  5941 | D:5      | Reached skill level 6 in Dodging
  6173 | D:5      | Reached XP level 8. HP: 70/70 MP: 9/9
  6304 | D:5      | Found a blossoming altar of Fedhas.
  6430 | D:6      | Found a snail-covered altar of Cheibriados.
  6686 | D:6      | Found a staircase to the Ecumenical Temple.
  7052 | D:6      | Got a smoking long sword
  7053 | D:6      | Identified the +3 long sword "Utoushrouw" {protect, Int+6} (You found it on level 6 of the Dungeon)
  7074 | D:7      | Reached skill level 7 in Fighting
  7089 | D:6      | Reached ** piety under Trog
  7539 | D:7      | Reached XP level 9. HP: 79/81 MP: 10/10
  7542 | D:7      | Reached skill level 8 in Fighting
  7733 | D:7      | Found a transporter.
  7982 | D:7      | Found a roughly hewn altar of Beogh.
  7985 | D:7      | Noticed a two-headed ogre
  7990 | D:7      | Noticed a two-headed ogre
  8011 | D:7      | Killed a two-headed ogre
  8011 | D:7      | Reached skill level 9 in Fighting
  8011 | D:7      | Reached skill level 9 in Armour
  8383 | D:8      | Reached skill level 1 in Axes
  8395 | D:8      | Noticed Erica
  8397 | D:8      | Noticed a yaktaur
  8401 | D:8      | Killed a yaktaur
  8401 | D:8      | Reached skill level 3 in Axes
  8404 | D:8      | Killed Erica
  8404 | D:8      | Reached skill level 6 in Axes
  8404 | D:8      | Reached XP level 10. HP: 88/91 MP: 11/11
  8651 | D:8      | Reached *** piety under Trog
  8902 | D:8      | Noticed Gastronok
  8909 | D:8      | Killed Gastronok
  9272 | D:8      | Reached **** piety under Trog
  9506 | D:9      | Noticed a two-headed ogre
  9512 | D:9      | Killed a two-headed ogre
  9512 | D:9      | Reached skill level 12 in Axes
  9512 | D:9      | Reached XP level 11. HP: 81/97 MP: 12/12
  9771 | D:9      | Noticed a two-headed ogre
  9777 | D:9      | Killed a two-headed ogre
 10006 | D:10     | Entered Level 10 of the Dungeon
 10073 | D:10     | Killed an unseen horror
 10172 | D:10     | Noticed zero's ghost (novice SpEn)
 10190 | D:10     | Killed an unseen horror
 10196 | D:10     | Killed zero's ghost
 10463 | D:10     | Noticed Sonja
 10466 | D:10     | Killed Sonja
 10561 | D:10     | Killed an unseen horror
 10874 | D:10     | Noticed a wolf spider
 10880 | D:10     | Killed a wolf spider
 10880 | D:10     | Reached skill level 15 in Axes
 10889 | D:10     | Got a faintly glowing demon trident
 10890 | D:10     | Identified the +8 demon trident "Dumuc" {venom, rN+ Int+4} (You found it on level 10 of the Dungeon)
 10956 | D:10     | Noticed a two-headed ogre
 10962 | D:10     | Killed a two-headed ogre
 11029 | D:10     | Killed an unseen horror
 11097 | D:10     | Received a gift from Trog
 11101 | D:10     | Found Caeq's Weapon Emporium.
 11102 | D:10     | Found a staircase to the Orcish Mines.
 11123 | D:10     | Reached ***** piety under Trog
 11130 | D:10     | Found Ohyneut's Armour Emporium.
 11161 | D:10     | Bought a +0 chain mail of poison resistance for 127 gold pieces
 11408 | D:10     | Noticed a skeletal warrior
 11418 | D:10     | Killed a skeletal warrior
 11584 | D:10     | Reached XP level 12. HP: 104/104 MP: 13/13
 11719 | D:10     | Found Noazommo's Gadget Shoppe.
 11723 | D:10     | Bought a wand of acid (7) for 330 gold pieces
 11761 | D:11     | Found a staircase to the Lair.
 11916 | D:11     | Found Ozaxiduh's Magic Scroll Boutique.
 11930 | D:11     | Bought a scroll of blinking for 120 gold pieces
 11930 | D:11     | Bought a scroll of fear for 56 gold pieces
 11930 | D:11     | Bought a scroll of teleportation for 48 gold pieces
 12063 | D:11     | Received a gift from Trog
 13078 | Lair:1   | Entered Level 1 of the Lair of Beasts
 13643 | Lair:1   | Reached skill level 18 in Axes
 13772 | Lair:1   | You fall through a shaft!
 13862 | Lair:2   | Reached skill level 1 in Evocations
 13878 | Lair:2   | Reached skill level 9 in Dodging
 13961 | Lair:2   | Found a staircase to the Swamp.
 13962 | Lair:2   | Noticed an eight-headed hydra
 13987 | Lair:2   | Killed an eight-headed hydra
 15399 | Lair:3   | Reached skill level 3 in Evocations
 15400 | Lair:3   | Reached skill level 10 in Fighting
 15561 | Lair:3   | Reached XP level 13. HP: 104/113 MP: 14/14
 16053 | Lair:4   | Reached ****** piety under Trog
 16163 | Lair:4   | Received a gift from Trog
 16271 | Lair:4   | Got a dazzling battleaxe {god gift}
 16272 | Lair:4   | Identified the +2 battleaxe "Hulopoiz" {god gift, venom, rPois rN+ MR+} (Trog gifted it to you on level 4 of the Lair of Beasts)
 16773 | Lair:4   | Found a hole to the Spider Nest.
 17383 | Lair:5   | Reached skill level 11 in Fighting
 17834 | Lair:6   | Entered Level 6 of the Lair of Beasts
 17864 | Lair:6   | Found a viscous altar of Jiyva.
 17882 | Lair:6   | Found a staircase to the Slime Pits.
 18035 | Lair:6   | Reached skill level 6 in Evocations
 18073 | Lair:6   | Noticed Nessos
 18082 | Lair:6   | Killed Nessos
 18084 | Lair:6   | Reached skill level 12 in Armour
 18085 | Lair:6   | Reached skill level 12 in Fighting
 18152 | Lair:6   | Received a gift from Trog
 18176 | Lair:6   | Got a brightly glowing executioner's axe {god gift}
 18177 | Lair:6   | Identified the +10 executioner's axe of the Extremely Mad {god gift, drain, rF- rN++ Int+4} (Trog gifted it to you on level 6 of the Lair of Beasts)
 18510 | Lair:6   | Reached XP level 14. HP: 126/126 MP: 18/18
 18969 | Lair:6   | Noticed Kirke
 18982 | Lair:6   | Killed Kirke
 19434 | Lair:6   | Reached skill level 13 in Fighting
 20331 | D:12     | Got an ichor-stained plate armour
 20342 | D:12     | Identified the +1 plate armour of the Demon Prince {+Inv rPois Dex+3} (You found it on level 12 of the Dungeon)
 20355 | D:12     | Noticed Josephine
 20357 | D:12     | Reached skill level 1 in Shields
 20380 | D:12     | Killed Josephine
 20589 | D:12     | Received a gift from Trog
 20709 | D:13     | Reached skill level 3 in Shields
 21201 | D:13     | Found a glowing golden altar of the Shining One.
 21329 | D:13     | Reached skill level 14 in Fighting
 21329 | D:13     | Reached skill level 9 in Evocations
 21335 | D:13     | Reached XP level 15. HP: 138/138 MP: 20/20
 21614 | D:14     | Found a gate to the Vaults.
 21755 | D:14     | Found a roughly hewn altar of Beogh.
 21761 | D:14     | Received a gift from Trog
 22386 | D:15     | Entered Level 15 of the Dungeon
 22770 | D:15     | Received a gift from Trog
 23075 | D:15     | Reached skill level 15 in Armour
 23088 | D:15     | Reached skill level 15 in Fighting
 23747 | D:15     | Found a staircase to the Depths.
 24091 | Orc:1    | Entered Level 1 of the Orcish Mines
 24261 | Orc:1    | Received a gift from Trog
 24492 | Orc:2    | Entered Level 2 of the Orcish Mines
 24569 | Orc:2    | Found Xakheuw's General Store.
 24577 | Orc:2    | Bought a scroll of enchant weapon for 90 gold pieces
 24577 | Orc:2    | Bought a phial of floods for 480 gold pieces
 24579 | Orc:2    | Found a staircase to the Elven Halls.
 24818 | Orc:2    | Found a roughly hewn altar of Beogh.
 24858 | Orc:2    | Reached skill level 16 in Fighting
 24869 | Orc:2    | Found Baenal's Food Shoppe.
 24869 | Orc:2    | Found Saiprott's Magic Scroll Shop.
 24872 | Orc:2    | Received a gift from Trog
 24911 | Orc:2    | Bought 3 scrolls of enchant weapon for 382 gold pieces
 24911 | Orc:2    | Bought a scroll of enchant armour for 127 gold pieces
 25096 | Orc:2    | Noticed an orc warlord
 25101 | Orc:2    | Reached XP level 16. HP: 116/151 MP: 22/22
 25385 | Orc:2    | Found Noyblalu's Gadget Shoppe.
 25385 | Orc:2    | Found Cobb's Assorted Antiques.
 25399 | Orc:2    | Bought a pair of shimmering gloves for 199 gold pieces
 25418 | Orc:2    | Identified the cursed -3 pair of gloves of the Mantidfly {MR+ Slay+2} (You bought it in a shop on level 2 of the Orcish Mines)
 25631 | Spider:1 | Entered Level 1 of the Spider Nest
 25644 | Spider:1 | Identified the +6 chain mail of Ugaeherra {+Inv} (You found it on level 1 of the Spider Nest)
 25797 | Spider:1 | Identified a scroll of acquirement
 25895 | Spider:1 | Noticed Agnes
 25902 | Spider:1 | Killed Agnes
 25902 | Spider:1 | Received a gift from Trog
 26331 | Spider:1 | Got a warped platinum ring
 26429 | Spider:1 | Identified the ring "Ukenwu Tuyc" {-Tele rF++ EV+1} (You found it on level 1 of the Spider Nest)
 27077 | Spider:2 | Reached skill level 17 in Fighting
 27793 | Spider:2 | Identified the Compendium of Bewitching Ice
 27832 | Spider:2 | Received a gift from Trog
 28954 | Spider:3 | Noticed Aizul
 28971 | Spider:3 | Killed Aizul
 29300 | Spider:3 | Identified the cursed -1 shield of Moumiek {-Cast Int+4 Dex+6} (You found it on level 3 of the Spider Nest)
 29764 | Spider:4 | Entered Level 4 of the Spider Nest
 29779 | Spider:4 | Reached skill level 18 in Armour
 29795 | Spider:4 | Reached skill level 18 in Fighting
 30213 | Spider:4 | Received a gift from Trog
 30290 | Spider:4 | Reached XP level 17. HP: 71/165 MP: 23/23
 30812 | Spider:4 | Noticed Jorgrun
 30829 | Spider:4 | Killed Jorgrun
 32276 | Spider:4 | Reached skill level 19 in Fighting
 32507 | Spider:4 | Got a gossamer rune of Zot
 32786 | Swamp:1  | Entered Level 1 of the Swamp
 33498 | Swamp:1  | Received a gift from Trog
 34545 | Swamp:2  | Received a gift from Trog
 35582 | Swamp:3  | Reached skill level 6 in Shields
 36148 | Swamp:3  | Received a gift from Trog
 36193 | Swamp:3  | Reached XP level 18. HP: 149/178 MP: 24/24
 36456 | Swamp:4  | Entered Level 4 of the Swamp
 36475 | Swamp:4  | Reached skill level 20 in Fighting
 36773 | Swamp:4  | Noticed Nikola
 36865 | Swamp:4  | Killed Nikola
 37282 | Swamp:4  | Received a gift from Trog
 38293 | Swamp:4  | Noticed the 27-headed Lernaean hydra
 38295 | Swamp:4  | Killed the 27-headed Lernaean hydra
 38299 | Swamp:4  | Got a decaying rune of Zot
 38739 | Vaults:1 | Entered Level 1 of the Vaults
 38906 | Vaults:1 | Reached skill level 9 in Shields
 38920 | Vaults:1 | Noticed a Brimstone Fiend
 39484 | Vaults:1 | Received a gift from Trog
 40477 | Vaults:1 | Reached skill level 21 in Fighting
 40629 | Vaults:2 | Reached XP level 19. HP: 189/189 MP: 25/25
 40653 | Vaults:2 | Found a staircase to the Crypt.
 40663 | Vaults:2 | Received a gift from Trog
 40766 | Vaults:2 | Received a gift from Trog
 41026 | Vaults:2 | Noticed Margery
 41044 | Vaults:2 | Killed Margery
 41115 | Vaults:2 | Noticed Mennas
 41124 | Vaults:2 | Reached XP level 20. HP: 163/198 MP: 27/27
 41148 | Vaults:2 | Killed Mennas
 41150 | Vaults:2 | Got a pitted large shield
 41161 | Vaults:2 | Identified the cursed +0 large shield of Heopux {+Blink} (You took it off Mennas on level 2 of the Vaults)
 41865 | Vaults:2 | Received a gift from Trog
 42188 | Vaults:2 | Reached skill level 12 in Evocations
 42465 | Vaults:3 | Reached skill level 22 in Fighting
 42482 | Vaults:3 | Noticed Asterion
 42502 | Vaults:3 | Killed Asterion
 42702 | Vaults:3 | Received a gift from Trog
 42969 | Vaults:3 | Reached XP level 21. HP: 173/207 MP: 29/29
 43911 | Vaults:3 | Received a gift from Trog
 43983 | Vaults:3 | Noticed Bai Suzhen
 44005 | Vaults:3 | Killed Bai Suzhen
 44032 | Vaults:3 | Annihilated by a titanic slime creature

Vault maps used:
D:1:      mushboom_english_gardens, serial_forest, infiniplex_forest_end_2,
          infiniplex_forest_clump_double, infiniplex_forest_lined_1,
          infiniplex_forest_3_way, infiniplex_forest_lined_2,
          infiniplex_forest_corner_1, infiniplex_forest_straight_4
D:2:      first_ration, uniq_natasha, uniq_robin
D:3:      marbit_many_paths, minmay_misc_feat_x
D:4:      minmay_opposing_rooms, minmay_distorted
D:5:      overflow_temple_1_default, nemelex_xobeh_ov_fountains_minmay,
          minmay_curled_crystal, uniq_grinder
D:6:      cheibriados_altar_1, minmay_temple_entry_large_hall
D:7:      gammafunk_beogh_shrine
D:8:      corexii_shack_village, uniq_gastronok, uniq_erica
D:10:     minmay_tri_box, orc_david_3, serial_shops, shop, uniq_sonja
D:11:     lair_entry_dummy, serial_shops, shop
D:12:     uniq_josephine
D:13:     basic_altar
D:14:     david_vaults_2, special_room, minivault_11
D:15:     grunt_enter_depths_snipers, minmay_misc_feat_hallway
Lair:1:   st_stairs_4, hangedman_lair_generics_rect, serial_bayou_shore_a,
          grunt_megastairs_3
Lair:2:   minmay_swamp_entry_reptiles, special_room, grunt_forest_stairs_basic
Lair:3:   serial_bayou_lagoon_a
Lair:4:   spider_nest_entry_a, st_stairs_11, lemuel_fruit_fields,
          lemuel_fruit_tree
Lair:6:   hangedman_lair_tendril_chambers, dpeg_slime_entry_enclosed_altar,
          uniq_nessos, uniq_kirke
Swamp:1:  evilmike_swamp_ruin_house_4
Swamp:2:  nicolae_swamp_very_dense_foliage
Swamp:3:  hangedman_swamp_ruin_wall
Swamp:4:  grunt_swamp_rune_castle, portal_ice_cave_entry_ice_statue_two,
          uniq_nikola
Spider:1: uniq_agnes
Spider:2: nicolae_spider_cling_halls
Spider:3: uniq_aizul
Spider:4: grunt_spider_rune_island, spiders_nest_the_unseen, uniq_jorgrun
Orc:2:    st_orc_town, serial_shops, shop
Vaults:1: v_misc_22, ontoclasm_vaults_eye, v_misc_4, ontoclasm_vaults_tryst,
          nicolae_vaults_stairing_the_circle, nicolae_vaults_c_with_doors,
          nicolae_vaults_little_ls, dpeg_vaults_monster_box,
          hangedman_vaults_corner_blocks
Vaults:2: hangedman_vaults_nails, v_misc_5, nicolae_vaults_big_angled_halls,
          vaults_room_large_hall, nicolae_vaults_lopsided_apartments,
          minmay_crypt_entry_simple_box, hangedman_vaults_stagger,
          nicolae_vaults_border_crossing, v_rooms_3, vaults_mumra_hexcomb,
          uniq_mennas, uniq_margery
Vaults:3: v_misc_1, v_rooms_6, v_misc_10, ontoclasm_vaults_ring_square,
          nicolae_vaults_specimen_jars, v_pattern_4, ontoclasm_vaults_chip,
          vaults_room_pool, nicolae_trove_entry_crystal, serial_shops,
          nicolae_shop_competitors_out_of_business, uniq_bai_suzhen,
          uniq_asterion

Skill      XL: |  1  2  3  4  5  6  7  8  9 10 11 12 13 14 15 16 17 18 19 20 21 |
---------------+----------------------------------------------------------------+-----
Fighting       | 1 2 3 4 6 7 9 10 12 14 16 18 19 21 22 | 22.6
Armour         | 1 2 3 4 6 7 9 10 12 14 16 18 19 20 | 20.7
Dodging        | 3 4 5 6 7 8 9 |  9.5
Axes           | 6 12 16 18 19 20 | 20.9
Evocations     | 3 6 9 10 11 12 13 | 13.0
Shields        | 4 6 10 | 10.0
Stealth        | |  1.5
Spellcasting   | |  1.3
Transmutations | |  0.7
Earth Magic    | |  2.4

Action                   |  1- 3 |  4- 6 |  7- 9 | 10-12 | 13-15 | 16-18 | 19-21 || total
-------------------------+-------+-------+-------+-------+-------+-------+-------++-------
Melee: Unarmed           |    34 |       |       |       |       |       |       ||    34
       Headbutt          |    16 |    27 |    30 |    75 |   220 |   253 |   128 ||   749
       Dagger            |    65 |   143 |       |       |       |       |       ||   208
       Quarterstaff      |       |   177 |   127 |       |       |       |       ||   304
       Long sword        |       |       |   101 |       |       |       |       ||   101
       Broad axe         |       |       |    24 |   288 |   963 |  1123 |   523 ||  2921
       Demon trident     |       |       |       |   302 |    32 |    39 |       ||   373
       Executioner's axe |       |       |       |       |    47 |       |       ||    47
 Cast: Sandblast         |    26 |    20 |       |       |       |       |       ||    46
Invok: Berserk           |       |       |     7 |    11 |    21 |    20 |     8 ||    67
       Trog's Hand       |       |       |     2 |     1 |    16 |    23 |    11 ||    53
       Brothers in Arms  |       |       |       |       |     1 |     1 |       ||     2
Evoke: Wand              |       |       |     1 |     6 |     9 |    34 |     5 ||    55
       Phial of floods   |       |       |       |       |     1 |     1 |     2 ||     4
  Use: Potion            |       |     7 |     1 |       |       |     2 |     2 ||    12
       Scroll            |       |       |    11 |     1 |    27 |    14 |     2 ||    55
 Stab: Sleeping          |     2 |       |       |       |       |       |       ||     2
       Invisible         |       |     1 |       |       |       |     7 |       ||     8
       Distracted        |       |       |       |     1 |       |       |     1 ||     2
       Paralysed         |       |       |       |       |       |     6 |       ||     6
  Eat: Chunk             |     3 |    13 |    15 |    25 |    48 |    21 |    21 ||   146
       Ration            |       |       |     1 |     3 |     3 |    17 |     1 ||    25
Armor: Robe              |    29 |     1 |       |       |       |       |       ||    30
       Ring mail         |       |    29 |       |       |       |       |       ||    29
       Chain mail        |       |   149 |   205 |   317 |   231 |       |       ||   902
       Skin              |       |    11 |    15 |       |       |       |       ||    26
       Plate armour      |       |       |       |       |   346 |   836 |   186 ||  1368
Dodge: Dodged            |    84 |   165 |   188 |   263 |   460 |   677 |   125 ||  1962
Block: Buckler           |       |       |       |       |   134 |   262 |       ||   396
       Shield            |       |       |       |       |       |    76 |    52 ||   128
       Large shield      |       |       |       |       |       |       |   336 ||   336
       Rpst.: Long sword |       |       |    31 |       |       |       |       ||    31

Table legend:
 A = Spawn XP
 B = Non-spawn XP
 C = Spawn XP percentage of total XP
 D = Spawn monster count
 E = Non-spawn monster count
 F = Spawn count percentage of total count
 G = Total turns spent on level
                    A         B        C        D         E        F      G
               +---------+---------+-------+---------+---------+-------+---------
         Total |       0 |  525250 |   0.0 |       0 |    1495 |   0.0 | 44032
               +---------+---------+-------+---------+---------+-------+---------
           D:1 |       0 |      76 |   0.0 |       0 |      29 |   0.0 |  1669
           D:2 |       0 |     168 |   0.0 |       0 |      26 |   0.0 |  1103
           D:3 |       0 |      71 |   0.0 |       0 |      17 |   0.0 |  1026
           D:4 |       0 |     331 |   0.0 |       0 |      20 |   0.0 |  1035
           D:5 |       0 |     823 |   0.0 |       0 |      17 |   0.0 |  1497
           D:6 |       0 |     483 |   0.0 |       0 |      11 |   0.0 |   827
           D:7 |       0 |    2293 |   0.0 |       0 |      43 |   0.0 |  1323
           D:8 |       0 |    5234 |   0.0 |       0 |      51 |   0.0 |   834
           D:9 |       0 |    3190 |   0.0 |       0 |      20 |   0.0 |   692
          D:10 |       0 |    9545 |   0.0 |       0 |      42 |   0.0 |  1823
          D:11 |       0 |    4043 |   0.0 |       0 |      30 |   0.0 |  1372
          D:12 |       0 |   11548 |   0.0 |       0 |      49 |   0.0 |  1032
          D:13 |       0 |   15745 |   0.0 |       0 |      47 |   0.0 |   924
          D:14 |       0 |   11712 |   0.0 |       0 |      55 |   0.0 |   862
          D:15 |       0 |   24078 |   0.0 |       0 |      50 |   0.0 |  1621
        Lair:1 |       0 |    4560 |   0.0 |       0 |      26 |   0.0 |   760
        Lair:2 |       0 |    6043 |   0.0 |       0 |      43 |   0.0 |  1719
        Lair:3 |       0 |    2002 |   0.0 |       0 |      15 |   0.0 |   687
        Lair:4 |       0 |    6551 |   0.0 |       0 |      24 |   0.0 |  1127
        Lair:5 |       0 |    6219 |   0.0 |       0 |      16 |   0.0 |   762
        Lair:6 |       0 |   25561 |   0.0 |       0 |      69 |   0.0 |  1709
       Swamp:1 |       0 |   13326 |   0.0 |       0 |      28 |   0.0 |  1489
       Swamp:2 |       0 |   16865 |   0.0 |       0 |      44 |   0.0 |  1293
       Swamp:3 |       0 |   10838 |   0.0 |       0 |      26 |   0.0 |  1539
       Swamp:4 |       0 |   39636 |   0.0 |       0 |      60 |   0.0 |  1519
      Spider:1 |       0 |   15702 |   0.0 |       0 |      44 |   0.0 |  1387
      Spider:2 |       0 |   14184 |   0.0 |       0 |      37 |   0.0 |  1952
      Spider:3 |       0 |   18252 |   0.0 |       0 |      52 |   0.0 |  2418
      Spider:4 |       0 |   46158 |   0.0 |       0 |      85 |   0.0 |  1328
         Orc:1 |       0 |    2584 |   0.0 |       0 |      29 |   0.0 |   425
         Orc:2 |       0 |   12623 |   0.0 |       0 |     102 |   0.0 |   985
      Vaults:1 |       0 |   42385 |   0.0 |       0 |      64 |   0.0 |  1828
      Vaults:2 |       0 |   87923 |   0.0 |       0 |     125 |   0.0 |  1894
      Vaults:3 |       0 |   64498 |   0.0 |       0 |      99 |   0.0 |  1571
               +---------+---------+-------+---------+---------+-------+---------
